 Dungeon Sprint DCSS version 0.16.1-28-gcc2312f (webtiles) character file.

1047 Kidiri the Basher (level 8, -19/90 (92) HPs)
             Began as a Troll Berserker on May 31, 2015.
             Was a Priest of Trog.
             Killed from afar by a lava snake (24 damage)
             ... with a glob of lava
             ... in the Dungeon (Sprint II: "The Violet Keep of Menkaure").
             The game lasted 00:03:28 (683 turns).

Kidiri the Basher (Troll Berserker)                  Turns: 683, Time: 00:03:28

HP:   -19/90 (92)   AC:  5    Str: 28    XL:     8   Next: 5%
MP:   3/3           EV: 11    Int:  3    God:    Trog [***...]
Gold: 972           SH:  0    Dex:  9    Spells: 0 memorised, 7 levels left

rFire  . . .     SeeInvis .     a - +0 mace (curse)
rCold  . . .     Clarity  .     b - +0 animal skin
rNeg   . . .     SustAb   .     (shield restricted)
rPois  .         Gourm    +     (helmet restricted)
rElec  .         Spirit   .     (no cloak)
rCorr  .         Warding  .     (gloves unavailable)
rMut   .         NoTele   +     (boots unavailable)
MR     .....                    (no amulet)
Stlth  +.........               (no ring)
                                (no ring)

@: exhausted, slowed, very slow, not resistant to hostile enchantments, very
unstealthy
A: unfitting armour, claws 3, fast metabolism 3, gourmand, regeneration 2,
shaggy fur 1, tough skin 2
a: Burn Spellbooks, Berserk, Trog's Hand, Renounce Religion


You were in the Dungeon.
You worshipped Trog.
Trog was most pleased with you.
You were hungry.

You visited 1 branch You collected 972 gold pieces.

Inventory:

Hand weapons
 a - a cursed +0 mace (weapon)
Armour
 b - a +0 animal skin (worn)
Potions
 f - a potion of haste
 g - 2 potions of magic
 h - a potion of berserk rage


   Skills:
 * Level 9.0 Fighting
 * Level 9.8 Maces & Flails
 + Level 6.1 Armour
 + Level 6.2 Dodging


You had 7 spell levels left.
You didn't know any spells.

Dungeon Overview and Level Annotations

Branches:
Dungeon (1/1)

Altars:

Annotations:
D Kirke


Innate Abilities, Weirdness & Mutations

You are too large for most types of armour.
You have claws for hands.
Your metabolism is lightning-fast.
You like to eat raw meat.
You heal very quickly.
You are covered in fur (AC +1).
You have very tough skin (AC +2).


Message History

A yaktaur captain opens the gate.
You barely miss the kobold demonologist.
The kobold demonologist is moderately wounded.
You are engulfed in roaring flames.
The kobold demonologist is engulfed in roaring flames.
The kobold demonologist mumbles some strange words.
The lava snake spits lava at you. The glob of lava misses you.
You hit the kobold demonologist.
The kobold demonologist is heavily wounded.
You are engulfed in roaring flames.
* * * LOW HITPOINT WARNING * * *
The lava snake spits lava at you. The glob of lava hits you!
* * * LOW HITPOINT WARNING * * *
The kobold demonologist is engulfed in roaring flames.
The kobold demonologist hits you but does no damage.
The lava snake spits lava at you. The glob of lava hits you!
You die... ####+#### ##§§§§§§≈## ##§§§§§§§≈≈## @≈§§§§§§§≈§≈# @ #≈§§§§§S§≈ cK.

#≈≈S§SS≈#
####≈≈#§§§#c§'##
###≈≈≈..§4§K@§.#
..#≈≈≈≈.##c##..#
.#≈≈≈≈##.#.##.#
.#≈≈≈≈#..#..#...
.#≈≈####.#.####..
#≈##.###'###.##..
≈#...##.##...#.
+.##'.<.'##.+
###.##.##...#


You could see a yaktaur captain, a centaur warrior, an orange demon, a kobold
demonologist and 4 lava snakes.

Vanquished Creatures
  A siren (D)
  2 boulder beetles (D)
  Menkaure (D)
  4 necrophages (D)
  3 worms (D)
11 creatures vanquished.

Notes
Turn   | Place    | Note
--------------------------------------------------------------
     0 | D        | Kidiri, the Troll Berserker, began the quest for the Orb.
     0 | D        | Reached XP level 1. HP: 22/22 MP: 1/1
     8 | D        | Reached skill level 3 in Fighting
    13 | D        | Reached XP level 2. HP: 28/31 MP: 1/1
    25 | D        | Acquired Trog's second power
    77 | D        | Noticed a boulder beetle
    77 | D        | Noticed a boulder beetle
    81 | D        | Noticed a siren
    93 | D        | Killed a siren
    93 | D        | Reached skill level 7 in Fighting
    93 | D        | Reached XP level 3. HP: 4/46 MP: 2/2
    93 | D        | Reached XP level 4. HP: 4/55 MP: 2/2
    93 | D        | Reached XP level 5. HP: 4/62 MP: 2/2
    93 | D        | Reached XP level 6. HP: 4/71 MP: 3/3
   206 | D        | Noticed a necrophage
   206 | D        | Noticed a necrophage
   206 | D        | Noticed a necrophage
   206 | D        | Noticed a necrophage
   215 | D        | Killed a necrophage
   215 | D        | Reached skill level 8 in Maces & Flails
   215 | D        | Reached skill level 5 in Armour
   215 | D        | Reached skill level 5 in Dodging
   217 | D        | Killed a necrophage
   217 | D        | Reached XP level 7. HP: 79/79 MP: 3/3
   226 | D        | Killed a necrophage
   236 | D        | Killed a necrophage
   236 | D        | Reached skill level 9 in Maces & Flails
   391 | D        | Killed a boulder beetle
   599 | D        | Killed a boulder beetle
   662 | D        | Noticed a lava snake
   662 | D        | Noticed a lava snake
   664 | D        | Noticed Menkaure
   670 | D        | Killed Menkaure
   670 | D        | Reached XP level 8. HP: 90/90 MP: 3/3
   671 | D        | Noticed a lava snake
   672 | D        | Noticed Kirke
   672 | D        | Noticed a yaktaur captain
   672 | D        | Noticed a kobold demonologist
   677 | D        | Noticed a centaur warrior
   680 | D        | Noticed a lava snake
   683 | D        | Noticed an orange demon
   683 | D        | Killed from afar by a lava snake

Action                   |  1- 3 |  4- 6 |  7- 9 || total
-------------------------+-------+-------+-------++-------
Melee: Mace              |    24 |     9 |    60 ||    93
Invok: Berserk           |     2 |     1 |     4 ||     7
  Use: Potion            |     1 |       |     1 ||     2
       Scroll            |       |       |     1 ||     1
  Eat: Meat ration       |       |     1 |     1 ||     2
